 Dungeon Crawl Stone Soup version 0.13-a0-2474-g552a472 (webtiles) character file.

149 JogiH the Magician (level 3, -4/29 HPs)
             Began as a Djinni Wizard on July 18, 2013.
             Splashed by a jelly's acid (9 damage)
             ... on Level 2 of the Dungeon.
             The game lasted 00:07:49 (2833 turns).

JogiH the Magician (Djinni Wizard)                  Turns: 2833, Time: 00:07:49

HP  -4/29        AC  2     Str  7      XL: 3   Next: 85%
MP   0/0         EV 12     Int 19      God:
Gold 87          SH  0     Dex 11      Spells:  5 memorised,  0 levels left

Res.Fire  : + + +   See Invis. : .   (no weapon)
Res.Cold  : x . .   Warding    : .   a - +0 robe
Life Prot.: + + +   Conserve   : .   (no shield)
Res.Poison: .       Res.Corr.  : .   b - +0 wizard hat
Res.Elec. : .       Clarity    : .   (no cloak)
Sust.Abil.: . .     Spirit.Shd : .   (no gloves)
Res.Mut.  : .       Stasis     : .   (boots unavailable)
Res.Rott. : .       Flight     : .   (no amulet)
Saprovore : . . .                    (no ring)
                                     (no ring)

@: very slightly contaminated, not resistant to hostile enchantments, unstealthy
A: no striking features
a: no special abilities


You were on level 2 of the Dungeon.
You were not hungry.

You visited 1 branch of the dungeon, and saw 2 of its levels.

You collected 67 gold pieces.

Inventory:

Armour
 a - a +0 robe (worn)
 b - a +0 wizard hat (worn)
Scrolls
 d - a scroll of fear {unknown}
 f - a scroll of amnesia {unknown}
 h - 2 scrolls of remove curse {unknown}
 i - a scroll of enchant weapon II {unknown}
 j - 4 scrolls of teleportation {unknown}
 k - 3 scrolls of identify {unknown}
 l - 3 scrolls of enchant weapon I {unknown}
 m - a scroll of curse armour {unknown}
 n - a scroll of recharging {unknown}
Potions
 e - 2 potions of curing {unknown}
 g - 2 potions of heal wounds {unknown}
Books
 c - a book of Minor Magic

   Spells                             Type                      Level
   *Magic Dart                        Conjuration                  1
   *Blink                             Translocation                2
   *Call Imp                          Summoning                    2
   Repel Missiles                     Charms/Air                   2
   Slow                               Hexes                        2
   *Conjure Flame                     Conjuration/Fire             3
   *Mephitic Cloud                    Conjuration/Poison/Air       3


   Skills:
 - Level 1.7 Dodging
 - Level 1.5 Stealth
 * Level 4.6 Spellcasting
 * Level 2.1 Conjurations
 * Level 1.6 Summonings
 * Level 1.1 Translocations
 * Level 0.6 Fire Magic
 * Level 0.5 Air Magic
 * Level 0.1 Poison Magic


You couldn't memorise any spells.
You knew the following spells:

 Your Spells              Type           Power        Failure   Level  Hunger
a - Magic Dart            Conj           ##..         8%          1    None
b - Blink                 Tloc           N/A          14%         2    #......
c - Call Imp              Summ           ##........   12%         2    #......
d - Conjure Flame         Conj/Fire      #.......     21%         3    ###....
e - Mephitic Cloud        Conj/Pois/Air  #.......     28%         3    ###....


Dungeon Overview and Level Annotations

Branches:
Dungeon (2/27)

Altars:
Xom


Message History

The fire roars!
You are very lightly contaminated with residual magic.
Your crimson imp blinks!
What do you say? t - Shout!
Orders for allies: a - Attack new target. r - Retreat! s - Stop attacking. w - Wait here. f - Follow me.
Anything else - Stay silent.
Okay, then.
Casting: Conjure Flame
Confirm with . or Enter, or press ? or * to list all spells.
Aiming: Conjure Flame
Press: ? - help, Dir - move target cursor You miscast Conjure Flame.
Nothing appears to happen.
The jelly jiggles.
The jelly hits you.
* * * LOW HITPOINT WARNING * * *
You are splashed with acid!
The acid burns!
You die...

#.# ### ###.######
#........# #.#.####.#
#####.#.## #........#
#.###.#..# #
######.###....###.#
##......@..........####
#........J.............
#.#.......ยง.#.#########
#..#5##'##'##.# .
#.##.##.##.##.# #.
#.##+##+##+##'## #)
#.##.......#...## #.
###.##..._...#....## #.
#...###.....##.....##
##.#


You could see a jelly and a friendly crimson imp.

Vanquished Creatures
  A jelly (D:2)
  3 giant geckos
  8 bats
  3 giant cockroaches
  3 goblins
  5 hobgoblins
  2 jackals (D:2)
  6 kobolds
  A sheep (D:2)
  2 giant newts (D:1)
  2 rats (D:1)
36 creatures vanquished.

Vanquished Creatures (collateral kills)
  A giant gecko (D:1)
  A giant cockroach (D:1)
  4 jackals (D:2)
  A quokka (D:2)
  A rat (D:1)
8 creatures vanquished.

Vanquished Creatures (others)
  A white imp (D:2)
1 creature vanquished.

Grand Total: 45 creatures vanquished

Notes
Turn   | Place    | Note
--------------------------------------------------------------
     0 | D:1      | JogiH, the Djinni Wizard, began the quest for the Orb.
     0 | D:1      | Reached XP level 1. HP: 14/14 MP: 0/0
   196 | D:1      | Reached skill level 4 in Spellcasting
   264 | D:1      | Reached XP level 2. EP: 9/23
   349 | D:1      | Learned a level 2 spell: Blink
   352 | D:1      | Learned a level 2 spell: Call Imp
  1212 | D:1      | Reached XP level 3. EP: 29/29
  1217 | D:1      | Learned a level 3 spell: Conjure Flame
  1389 | D:1      | Learned a level 3 spell: Mephitic Cloud
  2540 | D:2      | Found a shimmering altar of Xom.
  2833 | D:2      | Splashed by a jelly's acid

Action                   || total
-------------------------++-------
Melee: Unarmed           ||     6
 Cast: Magic Dart        ||    96
       Call Imp          ||    13
       Conjure Flame     ||     4
       Mephitic Cloud    ||     1
